 Dungeon Crawl Stone Soup version 0.25.1-2-g60ff931df9 (webtiles) character file.

Game seed: 683605661721351181

46968 Delamore the Fighter (level 14, -4/96 HPs)
             Began as a Gargoyle Fighter on Aug 30, 2020.
             Was the Champion of Okawaru.
             Slain by Rupert
             ... wielding a +2 vorpal triple sword
              (6 damage)
             ... on level 5 of the Lair of Beasts.
             The game lasted 00:19:26 (19249 turns).

Delamore the Fighter (Gargoyle Fighter)            Turns: 19249, Time: 00:19:27

Health: -4/96      AC: 34    Str: 28    XL:     14   Next: 39%
Magic:  11/17      EV: 10    Int: 11    God:    Okawaru [******]
Gold:   1138       SH: 16    Dex: 13    Spells: 13/13 levels left

rFire    + . .     SeeInvis .   h - +2 whip (elec)
rCold    + . .     Gourm    .   c - +0 kite shield
rNeg     + + .     Faith    .   b - +0 plate armour
rPois    ∞         Spirit   .   Q - +2 hat
rElec    +         Reflect  .   X - +0 cloak
rCorr    +         Harm     .   J - +2 pair of gloves of Patterns {rC+ rCorr Slay+2}
MR       +....                  Y - +1 pair of boots "Rogaol" {rN+}
Stlth    ..........             (no amulet)
HPRegen  0.26/turn              a - ring of Midnight {rF+ Str+2 Int+3 Dex+4}
MPRegen  0.15/turn              Z - +4 ring of slaying

@: heroism, finesse
A: big wings, negative energy resistance 1, electricity resistance, unbreathing,
petrification resistance, rot immunity, AC +10
a: Fly, Heroism, Finesse, Renounce Religion


You were on level 5 of the Lair of Beasts.
You worshipped Okawaru.
Okawaru was exalted by your worship.
You were hungry.

You visited 3 branches of the dungeon, and saw 17 of its levels.
You also visited: Ice Cave.

You collected 1248 gold pieces.
You spent 110 gold pieces at shops.

Inventory:

Hand Weapons
 h - a +2 whip of electrocution (weapon)
Missiles
 T - 3 silver javelins (quivered)
Armour
 b - a +0 plate armour (worn)
 c - a +0 kite shield (worn)
 J - the +2 pair of gloves of Patterns (worn) {rC+ rCorr Slay+2}
   (You found it on level 9 of the Dungeon)

   It affects your accuracy and damage with ranged weapons and melee attacks
   (+2).
   It protects you from cold.
   It provides partial protection from all sources of acid and corrosion.
 Q - a +2 hat (worn)
 X - a +0 cloak (worn)
 Y - the +1 pair of boots "Rogaol" (worn) {rN+}
   (Okawaru gifted it to you on level 4 of the Lair of Beasts)

   It protects you from negative energy.
Jewellery
 a - the ring of Midnight (left hand) {rF+ Str+2 Int+3 Dex+4}
   (You took it off a centaur on level 10 of the Dungeon)

   [ring of protection from fire]

   It affects your strength (+2).
   It affects your intelligence (+3).
   It affects your dexterity (+4).
   It protects you from fire.
 j - an uncursed ring of resist corrosion
 z - an uncursed ring of protection from magic
 Z - a +4 ring of slaying (right hand)
Wands
 r - a wand of iceblast (11)
 t - a wand of clouds (3)
 D - a wand of acid (12)
 G - a wand of paralysis (9)
 O - a wand of flame (61)
 R - a wand of digging (7)
Scrolls
 e - 5 scrolls of fear
 g - 10 scrolls of teleportation
 i - 2 scrolls of holy word
 n - 3 scrolls of amnesia
 o - 3 scrolls of enchant weapon
 p - 2 scrolls of magic mapping
 q - 4 scrolls of remove curse
 v - a scroll of blinking
 B - 2 scrolls of immolation
 L - 2 scrolls of enchant armour
 M - 3 scrolls of fog
 V - a scroll of silence
Potions
 d - 4 potions of might
 k - 3 potions of resistance
 l - 2 potions of magic
 m - 5 potions of degeneration
 w - 6 potions of flight {unknown}
 x - 3 potions of ambrosia
 A - 2 potions of haste {unknown}
 C - 2 potions of stabbing {unknown}
 E - 9 potions of curing {unknown}
 F - 9 potions of mutation {unknown}
 I - a potion of brilliance {unknown}
 N - 3 potions of lignification {unknown}
Comestibles
 f - 26 rations


   Skills:
 + Level 14.8(19.8) Fighting
 - Level 14.0(19.0) Maces & Flails
 - Level 5.0(10.0) Armour
 + Level 14.8(19.8) Shields
 - Level 5.0 Invocations


You had 13 spell levels left.
You didn't know any spells.
Your spell library contained the following spells:

 Spells                   Type           Power        Failure   Level  Hunger
 Animate Skeleton         Necr           N/A          96%         1    ##.....
 Apportation              Tloc           #.....       96%         1    ##.....
 Corona                   Hex            #......      96%         1    ##.....
 Summon Small Mammal      Summ           #...         96%         1    ##.....
 Ensorcelled Hibernation  Hex/Ice        #.....       99%         2    ###....
 Slow                     Hex            #.......     99%         2    ###....
 Confusing Touch          Hex            #.......     100%        3    ####...
 Gell's Gravitas          Tloc           #.........   100%        3    ####...
 Inner Flame              Hex/Fire       #.......     100%        3    ####...
 Portal Projectile        Hex/Tloc       #.....       100%        3    ####...
 Cause Fear               Hex            #.........   100%        4    #####..
 Leda's Liquefaction      Hex/Erth       #.........   100%        4    #####..
 Petrify                  Tmut/Erth      #.......     100%        4    #####..
 Bolt of Magma            Conj/Fire/Erth #.........   100%        5    ######.
 Borgnjor's Vile Clutch   Necr/Erth      #.........   100%        5    ######.
 Irradiate                Conj/Tmut      #.........   100%        5    ######.
 Iskenderun's Battlesphe  Conj/Chrm      #.......     100%        5    ######.
 Metabolic Englaciation   Hex/Ice        #.........   100%        5    ######.
 Silence                  Hex/Air        #.........   100%        5    ######.
 Yara's Violent Unravell  Hex/Tmut       #.........   100%        5    ######.
 Darkness                 Hex            #.........   100%        6    #######
 Hydra Form               Tmut           #.........   100%        6    #######
 Iron Shot                Conj/Erth      #.........   100%        6    #######
 Shadow Creatures         Summ           N/A          100%        6    #######
 Dragon Form              Tmut           #.........   100%        7    #######
 Orb of Destruction       Conj           #.........   100%        7    #######
 Spellforged Servitor     Conj/Summ      #.........   100%        7    #######
 Discord                  Hex            #.........   100%        8    #######
 Statue Form              Tmut/Erth      Unusable     N/A         6    N/A

Dungeon Overview and Level Annotations

Branches:
Dungeon (11/15)            Temple (1/1) D:5            Lair (5/6) D:9
 Shoals (0/4) Lair:2       Spider (0/4) Lair:4        Slime (0/5) Lair:5
    Orc (0/2) D:11          IceCv (visited)

Altars:
Ashenzari
Cheibriados
Dithmenos
Elyvilon
Fedhas
Gozag
Hepliaklqana
Kikubaaqudgha
Makhleb
Nemelex Xobeh
Okawaru
Qazlal
Ru
Sif Muna
Trog
Uskayaw
Vehumet
Wu Jian
Xom
Yredelemnul
Zin
The Shining One
Jiyva

Shops:
D:4 [   D:6 ?

Annotations:
Lair:5 Rupert


Innate Abilities, Weirdness & Mutations

You are resistant to torment.
Your stone body is resilient. (AC +10)
You are immune to poison.
Your large and strong wings let you fly indefinitely.
You resist negative energy. (rN+)
You are resistant to electric shocks. (rElec)
You can survive without breathing.
You are immune to petrification.
You are immune to rotting.


Message History

You hit Rupert. Lightning courses through Rupert!
Rupert is moderately wounded.
You hit Rupert.
Rupert is heavily wounded.
You hit Rupert. Lightning courses through Rupert!
Rupert is heavily wounded.
You whack Rupert! Lightning courses through Rupert!!
Rupert is severely wounded.
Rupert hits you with a +2 vorpal triple sword!
You whack Rupert!
Rupert is severely wounded.
You hit Rupert.
Rupert is severely wounded.
You closely miss Rupert.
Rupert is severely wounded.
You hit Rupert. Lightning courses through Rupert!
Rupert is almost dead.
Rupert hits you with a +2 vorpal triple sword!!
* * * LOW HITPOINT WARNING * * *
You die...

##.............
................
#................
#................
#P.............. ......
#.............. ........##
#.............. ........#.
#...<@@........ ........#.
##.............
..........# #P............
..........###.............
...........###............
............†÷÷...........
...........####...P.#.....
...........# #########...
.÷.........# P..


You could see Rupert (berserk).

Vanquished Creatures
  A frost giant (IceCv)
  Nessos (Lair:4)
  A hydra (Lair:3)
  5 two-headed ogres
  A centaur warrior (D:10)
  4 death yaks (Lair:3)
  Urug (Lair:3)
  Nergalle (D:10)
  An unseen horror (D:10)
  A deep elf mage (D:10)
  An ugly thing (D:10)
  10 elephants
  A merfolk siren (Lair:2)
  2 ice statues (IceCv)
  A black mamba (Lair:1)
  Maggie (D:7)
  5 spiny frogs
  3 rime drakes
  9 komodo dragons
  A kobold demonologist (D:10)
  19 polar bears
  12 blink frogs
  A slime creature (D:10)
  7 hippogriffs
  2 redbacks (Lair:4)
  Sigmund (D:3)
  40 yaks
  A vampire (D:11)
  3 wyverns
  A hungry ghost (D:7)
  A steam dragon (D:8)
  2 wargs (D:9)
  13 water moccasins
  7 porcupines
  8 orc warriors
  3 sky beasts
  4 ice beasts
  2 black bears (D:8)
  An eye of draining (D:11)
  3 phantoms
  10 wolves
  An ogre (D:6)
  11 centaurs
  7 crocodiles
  A big kobold (D:10)
  15 bullfrogs
  6 scorpions
  4 wights (D:11)
  10 howler monkeys
  3 electric eels
  4 crimson imps
  6 jellies
  3 centaur skeletons
  3 centaur zombies
  A bullfrog zombie (D:6)
  8 hounds
  2 quasits
  8 orc priests
  13 orc wizards
  3 bullfrog skeletons
  Jessica (D:3)
  5 iguanas
  Ijyb (D:3)
  10 worker ants
  2 howler monkey zombies
  2 worker ant zombies
  A howler monkey skeleton (D:8)
  13 adders
  7 gnolls
  4 shadow imps
  12 white imps (Lair:2)
  An ooze (D:3)
  An adder zombie (D:5)
  An adder skeleton (D:6)
  2 worms
  5 leopard geckos
  61 orcs
  4 bats
  4 giant cockroaches
  7 goblins
  9 hobgoblins
  16 jackals
  5 quokkas
  A ball python skeleton (D:4)
  4 frilled lizards
  A jackal zombie (D:8)
  13 kobolds
  A quokka skeleton (D:5)
  A quokka zombie (D:6)
  8 rats
504 creatures vanquished.

Vanquished Creatures (others)
  A fungus (Lair:3)
  4 plants (Lair:3)
5 creatures vanquished.

Grand Total: 509 creatures vanquished

Notes
Turn   | Place    | Note
-------+----------+-------------------------------------------
     0 | D:1      | Delamore the Gargoyle Fighter began the quest for the Orb.
     0 | D:1      | Reached XP level 1. HP: 14/14 MP: 1/1
   117 | D:1      | Reached XP level 2. HP: 12/19 MP: 2/2
   834 | D:2      | Reached XP level 3. HP: 21/23 MP: 3/3
  1424 | D:3      | Noticed Ijyb
  1432 | D:3      | Killed Ijyb
  1432 | D:3      | Reached XP level 4. HP: 29/29 MP: 4/4
  1828 | D:3      | Reached XP level 5. HP: 19/33 MP: 5/5
  2052 | D:3      | Noticed Sigmund
  2069 | D:3      | Killed Sigmund
  2069 | D:3      | Reached XP level 6. HP: 31/39 MP: 6/6
  2148 | D:3      | Noticed Jessica
  2151 | D:3      | Killed Jessica
  2586 | D:4      | Reached skill level 5 in Armour
  2842 | D:4      | Found Peifos's Armour Shoppe.
  2896 | D:4      | Reached skill level 5 in Fighting
  2896 | D:4      | Reached skill level 5 in Shields
  2938 | D:4      | Reached XP level 7. HP: 43/44 MP: 7/7
  3067 | D:4      | Found a shattered altar of Ashenzari.
  3482 | D:5      | Entered Level 5 of the Dungeon
  3747 | D:5      | Reached skill level 5 in Maces & Flails
  4014 | D:5      | Found a staircase to the Ecumenical Temple.
  4033 | D:5      | Reached XP level 8. HP: 47/49 MP: 8/8
  4038 | Temple   | Entered the Ecumenical Temple
  5004 | D:6      | Found a blossoming altar of Fedhas.
  5120 | D:6      | Found an opulent altar of Gozag.
  5757 | D:6      | Found Vodixim's Magic Scroll Shop.
  5765 | D:6      | Bought a scroll of magic mapping for 35 gold pieces
  5765 | D:6      | Bought a scroll of blinking for 75 gold pieces
  5829 | D:6      | Reached XP level 9. HP: 47/54 MP: 9/9
  5924 | D:6      | Reached skill level 10 in Maces & Flails
  6164 | D:6      | Found an iron altar of Okawaru.
  6176 | D:6      | Became a worshipper of Warmaster Okawaru
  6937 | D:7      | Found an ornate altar of the Wu Jian Council.
  6940 | D:7      | Found a shadowy altar of Dithmenos.
  6943 | D:7      | Found a hide-covered altar of Uskayaw.
  6946 | D:7      | Found a shimmering altar of Xom.
  6993 | D:7      | Reached * piety under Okawaru
  7074 | D:7      | Noticed Maggie
  7099 | D:7      | Killed Maggie
  7470 | D:8      | Reached XP level 10. HP: 55/59 MP: 10/10
  7536 | D:8      | Found a white marble altar of Elyvilon.
  7554 | D:8      | Reached ** piety under Okawaru
  7895 | D:8      | Found a bloodstained altar of Trog.
  8365 | D:9      | Got a pair of bloodstained gloves
  8378 | D:9      | Identified the +2 pair of gloves of Patterns {rC+ rCorr
                  | Slay+2} (You found it on level 9 of the Dungeon)
  8552 | D:9      | Reached *** piety under Okawaru
  8553 | D:9      | Found a staircase to the Lair.
  8791 | D:9      | Noticed a two-headed ogre
  8804 | D:9      | Killed a two-headed ogre
  8848 | D:9      | Reached **** piety under Okawaru
  8848 | D:9      | Reached skill level 1 in Invocations
  9435 | D:10     | Entered Level 10 of the Dungeon
  9511 | D:10     | Noticed a two-headed ogre
  9515 | D:10     | Killed a two-headed ogre
  9515 | D:10     | Reached XP level 11. HP: 52/64 MP: 11/13
  9580 | D:10     | Noticed Nergalle
  9587 | D:10     | Killed Nergalle
  9587 | D:10     | Reached ***** piety under Okawaru
  9801 | D:10     | Received a gift from Okawaru
  9925 | D:10     | Noticed a centaur warrior
  9926 | D:10     | Noticed a brown ugly thing
  9962 | D:10     | Identified the ring of Midnight {rF+ Str+2 Int+3 Dex+4}
  9963 | D:10     | HP: 2/66 [slime creature (9)]
  9973 | D:10     | Killed a brown ugly thing
  9978 | D:10     | Killed a centaur warrior
  9978 | D:10     | Reached skill level 5 in Invocations
 10018 | D:10     | Killed an unseen horror
 10334 | D:10     | Noticed a deep elf mage
 10345 | D:10     | Killed a deep elf mage
 10710 | D:11     | Received a gift from Okawaru
 10774 | D:11     | Found a staircase to the Orcish Mines.
 10957 | D:11     | Reached XP level 12. HP: 71/76 MP: 15/15
 11026 | D:11     | Noticed a two-headed ogre
 11038 | D:11     | Killed a two-headed ogre
 11386 | D:11     | Noticed a two-headed ogre
 11389 | D:11     | Found a shadowy altar of Dithmenos.
 11393 | D:11     | Killed a two-headed ogre
 11712 | D:11     | Reached skill level 10 in Fighting
 11718 | D:11     | Reached skill level 10 in Shields
 11864 | D:11     | Noticed a two-headed ogre
 11872 | D:11     | Killed a two-headed ogre
 12108 | Lair:1   | Entered Level 1 of the Lair of Beasts
 12543 | Lair:1   | You fall into a shaft and drop 1 floor!
 12554 | Lair:2   | Found a frozen archway.
 12605 | IceCv    | Entered an ice cave
 12777 | IceCv    | Received a gift from Okawaru
 13628 | IceCv    | Received a gift from Okawaru
 13770 | IceCv    | Noticed a frost giant
 13791 | IceCv    | Reached XP level 13. HP: 80/85 MP: 16/16
 13813 | IceCv    | Killed a frost giant
 14612 | Lair:2   | Found a staircase to the Shoals.
 14705 | Lair:2   | You fall into a shaft and drop 2 floors!
 15754 | Lair:3   | Noticed Urug
 15771 | Lair:3   | Killed Urug
 16216 | Lair:3   | Reached ****** piety under Okawaru
 16286 | Lair:3   | Received a gift from Okawaru
 16310 | Lair:3   | Got a pair of bloodstained boots {god gift}
 16319 | Lair:3   | Identified the +2 pair of boots of the Wasteland {rElec}
                  | (Okawaru gifted it to you on level 3 of the Lair of Beasts)
 17160 | Lair:3   | Gained mutation: Your large and strong wings let you fly
                  | indefinitely. [Gargoyle growth]
 17160 | Lair:3   | Reached XP level 14. HP: 96/96 MP: 17/17
 17999 | Lair:4   | Received a gift from Okawaru
 18000 | Lair:4   | Got a pair of ancient boots {god gift}
 18011 | Lair:4   | Identified the +1 pair of boots "Rogaol" {rN+} (Okawaru
                  | gifted it to you on level 4 of the Lair of Beasts)
 18036 | Lair:4   | Noticed Nessos
 18137 | Lair:4   | Killed Nessos
 18149 | Lair:4   | Found a hole to the Spider Nest.
 18773 | Lair:5   | Found a staircase to the Slime Pits.
 18774 | Lair:5   | Found a viscous altar of Jiyva.
 18970 | Lair:5   | Noticed Rupert
 18975 | Lair:5   | Paralysed by Rupert for 7 turns
 19249 | Lair:5   | HP: 2/96 [Rupert/+2 vorpal triple sword (28)]
 19249 | Lair:5   | Slain by Rupert

Illustrated notes

Levels and vault maps discovered:
D:1:      dpeg_chamrin_arrival_tetris, layout_basic
D:2:      layout_rooms, serial_curves, eino_curves_02, eino_curves_03,
          eino_curves_02, eino_curves_04
D:3:      layout_loops_ring, uniq_sigmund, uniq_ijyb, uniq_jessica
D:4:      layout_gridville, first_ration, serial_shops,
          nicolae_shop_window_shopping, serial_park_tiny_1, minmay_fountain_box,
          evilmike_ruin_ashenzari
D:5:      layout_loops_ring, minmay_temple_entry_glass
D:6:      minmay_octagon_keep, layout_cave_pools, lemuel_coloured_pillars_altar,
          lemuel_doored_altar, serial_shops, shop_scrolls,
          nicolae_gozag_seed_capital
D:7:      layout_basic, grunt_temple_overflow_cloverleaf, uniq_maggie
D:8:      layout_basic, elyvilon_altar_4, trog_ov_bears_minmay
D:9:      wad_river_or_something, layout_loops_ring, erik_lair_orcish_takeover
D:10:     minmay_the_grid_octo_triangle [minmay_the_grid_octo_empty,
          minmay_the_grid_octo_prize_square_snowflake,
          minmay_the_grid_octo_checkerflower], layout_gridville, uniq_nergalle
D:11:     layout_loops_ring, orc_david_3, grunt_ogre_cave,
          chequers_serial_rivers_marsh, grunt_dithmenos_smoke
Temple:   minmay_temple_curvy_branch
Lair:1:   layout_roguey, kb_xom_exploding_sheep
Lair:2:   layout_gridlike, minmay_shoals_entry_lonely_mermaid,
          portal_ice_cave_entry_imps
Lair:3:   layout_layer_cave, nicolae_quartered_pool_medium, minmay_holes,
          uniq_urug
Lair:4:   layout_cave_shapes, spider_nest_entry_a, beast_lair_carwin_9,
          grunt_megastairs_5, uniq_nessos
Lair:5:   layout_cave_pods, slime_altar_1, uniq_rupert

Skill      XL: |  1  2  3  4  5  6  7  8  9 10 11 12 13 14 |
---------------+-------------------------------------------+-----
Armour         | 4 5 |  5.0
Fighting       | 4 5 6 9 11 14 | 14.8
Shields        | 4 5 6 9 11 13 14 | 14.8
Maces & Flails | 3 4 6 9 12 14 | 14.0
Invocations    | 3 5 |  5.0

Action                   |  1- 3 |  4- 6 |  7- 9 | 10-12 | 13-15 || total
-------------------------+-------+-------+-------+-------+-------++-------
Melee: Flail             |    27 |       |       |       |       ||    27
       Whip              |    88 |   178 |   482 |   991 |   695 ||  2434
Invok: Heroism           |       |       |       |       |     1 ||     1
       Finesse           |       |       |       |       |     1 ||     1
  Use: Potion            |       |       |       |     3 |       ||     3
       Scroll            |       |       |       |     1 |    17 ||    18
  Eat: Chunk             |     2 |     5 |    13 |    18 |    16 ||    54
       Ration            |       |       |     1 |     1 |       ||     2
Armor: Scale mail        |    61 |    44 |       |       |       ||   105
       Chain mail        |       |    65 |   196 |    74 |       ||   335
       Plate armour      |       |       |       |   410 |   238 ||   648
Dodge: Dodged            |    43 |    55 |    72 |   157 |    98 ||   425
Block: Kite shield       |    63 |    86 |   188 |   428 |   311 ||  1076
